Unix NetHack Version 5.0.0-0 post-release - last build May  4 2026 22:22:43 (774f63e81ad911689b3a0859ea89b322d5daca8d,branch:main).

Game began 2026-05-06 12:09:13, ended 2026-05-06 12:27:33.

2381233, neutral female human Valkyrie

                                --------------
                                |............|
                                |............|
            --------------      |............|            ----------------
            |............|      |............|            |..............|
            |............|      --|-----------            ...............|
            |............|        ##########            # |..............|
            |.............#           #### ##   @i########............%..|
            |............|#          ##  ####%%###    #   ----------------
            -.----------+-#         ##   #-------.--- #
           ###            #              #|..........##
           #              #              #|.........| #
           #              #              #|.........| #
           #           ####          #####|.........| #
        ---.----.--    #-----.--.--  #    -----------##
        |.........|    #|........>.###################
        |.<.......|    #-.........|  #
        |.{.......|     |.....(...|
        -----------     -----------

2381233 the Skirmisher      St:13 Dx:15 Co:18 In:10 Wi:10 Ch:9  Neutral
Dlvl:4  $:47 HP:0(44) Pw:12(12) AC:6  Xp:4 T:2012  Hungry  

Latest messages:
 The imp hits!
 You stop eating the lichen corpse.
 You feel hungry.
 What do you want to eat? [grtE or ?*] g
 This lichen corpse tastes okay.
 The imp hits!
 You stop eating the lichen corpse.
 You are beginning to feel hungry.
 The imp hits!
 The imp hits!
 "Methinks thou wert unnaturally stirred by yon corpse back there, eh, varlet?"
 You kill the kobold!
 The imp hits!
 "Come here often?"
 You see here a kobold corpse.
 You miss the imp.
 The imp hits!
 You miss the imp.
 The imp hits!
 You hit the imp!
 The imp hits!
 You hit the imp.
 The imp hits!
 You hit the imp!
 The imp hits!
 You hit the imp!
 The imp hits!
 You miss the imp.
 The imp hits!
 "Hold! Thy face is a most exquisite torture!"
 You miss the imp.
 The imp hits!
 You miss the imp.
 The imp hits!
 You hit the imp.
 The imp hits!
 You miss the imp.
 The imp just misses!
 You miss the imp.
 The imp hits!
 You miss the imp.
 The imp hits!
 You hit the imp!
 The imp hits!
 You die...
 Do you want your possessions identified? [ynq] (y) y
 Do you want to see your attributes? [ynq] (y) y
 Do you want an account of creatures vanquished? [ynaq] (y) y
 Do you want to see your conduct and achievements? [ynq] (y) y
 Do you want to see the dungeon overview? [ynq] (y) y

Inventory:
 Coins    ('$')
  $ - 47 gold pieces
 Weapons  (')')
  e - 13 +0 darts
  b - a +0 dagger (alternate weapon; not wielded)
  a - a +1 spear (weapon in right hand)
  z - a +0 halberd
 Armor    ('[')
  m - an uncursed +0 orcish helm
  y - a blessed +0 pair of leather gloves
  c - an uncursed +3 small shield (being worn)
 Comestibles  ('%')
  r - an uncursed food ration
  t - 2 uncursed tripe rations
  g - an uncursed partly eaten lichen corpse
  E - an uncursed partly eaten lichen corpse
 Scrolls  ('?')
  j - an uncursed scroll of earth
  i - a blessed scroll of gold detection
  h - an uncursed scroll of remove curse
 Potions  ('!')
  f - a cursed potion of confusion
  u - a cursed potion of gain ability
  q - an uncursed potion of hallucination
 Wands    ('/')
  A - a wand of slow monster (0:6)
 Tools    ('(')
  p - an uncursed leash
  l - an uncursed towel
 Gems/Stones  ('*')
  C - an uncursed rock

2381233 the Valkyrie's attributes:

Background:
 You were a Skirmisher, a level 4 human Valkyrie.
 You were neutral, nominally on a mission for Odin
 who was opposed by Tyr (lawful) and Loki (chaotic).
 You were right-handed.
 You were in the Dungeons of Doom, on level 4.
 You entered the dungeon 2012 turns ago.
 You had 120 experience points, 40 more were needed to attain level 5.

Basics:
 You had 0 out of 44 hit points.
 You had all 12 energy points (spell power).
 Your armor class was 6.
 Your wallet contained 47 zorkmids.
 Autopickup was off.

Final Characteristics:
 Your strength was 13 (limit:18/100).
 Your dexterity was 15 (limit:18).
 Your constitution was 18 (limit:18).
 Your intelligence was 10 (limit:18).
 Your wisdom was 10 (limit:18).
 Your charisma was 9 (limit:18).

Final Status:
 You were hungry.
 You were unencumbered.
 You were wielding a spear.
 You had basic skill with spear and could have enhanced that.

Final Attributes:
 You were devoutly aligned.
 You were cold resistant.
 You were stealthy.
 You are dead.

Miscellaneous:
 You didn't encounter any bones levels.
 Total elapsed playing time was 18 minutes and 14 seconds.

Major events:
 Turn
    1: 2381233 the neutral human Valkyrie entered the dungeon
 1050: attained the rank of Skirmisher (level 3)
 2012: killed by an imp

You didn't know any spells.

Skills:
 Fighting Skills
   bare handed combat [Unskilled]
   two weapon combat  [Unskilled]
   riding             [Unskilled]
 Weapon Skills
   dagger             [Basic]
   axe                [Unskilled]
   pick-axe           [Unskilled]
   short sword        [Unskilled]
   broadsword         [Unskilled]
   long sword         [Unskilled]
   two-handed sword   [Unskilled]
   saber              [Unskilled]
   hammer             [Unskilled]
   quarterstaff       [Unskilled]
   polearms           [Unskilled]
   spear              [Basic]
   trident            [Unskilled]
   lance              [Unskilled]
   sling              [Unskilled]
 Spellcasting Skills
   attack spells      [Unskilled]
   escape spells      [Unskilled]

Voluntary challenges:
 Character rerolling was not enabled.
 You followed a strict vegan diet.
 You were an atheist.
 You were illiterate.
 You never genocided any monsters.
 You never polymorphed an object.
 You never changed form.
 You used no wishes.
Achievements:
 You entered a shop.
 You attained the rank of Skirmisher.

 The Dungeons of Doom: levels 1 to 4
    Level 1:
       A fountain.
    Level 2:
       An armor shop, some fountains.
    Level 3:
       A food shop, a grave.
    Level 4: <- You were here.
       A fountain.
       Final resting place for
          you, killed by an imp.


Vanquished creatures:
  a rock mole
  a little dog
  2 rothes
 an iguana
  2 coyotes
  a gas spore
  3 giant rats
  a cave spider
  2 yellow molds
  a green mold
  a garter snake
  3 geckos
  4 jackals
  2 kobolds
  a goblin
  a sewer rat
  4 grid bugs
  5 lichens
  3 kobold zombies
  2 newts
41 creatures vanquished.

No species were genocided or became extinct.

Game over:
                       ----------
                      /          \
                     /    REST    \
                    /      IN      \
                   /     PEACE      \
                  /                  \
                  |     2381233      |
                  |      47 Au       |
                  | killed by an imp |
                  |                  |
                  |                  |
                  |                  |
                  |       2026       |
                 *|     *  *  *      | *
        _________)/\\_//(\/(/\)/\//\/|_)_______

Farvel 2381233 the Valkyrie...

You died in The Dungeons of Doom on dungeon level 4 with 673 points,
and 47 pieces of gold, after 2012 moves.
You were level 4 with a maximum of 44 hit points when you died.

